 Dungeon Crawl Stone Soup version 0.29-a0-334-gb41bcbb86e (webtiles) character file.

Game seed: 3195451297330588877

117 spaghetti the Magician (level 4, -14/27 HPs)
             Began as a Demonspawn Air Elementalist on Apr 13, 2022.
             Was a Believer of Hepliaklqana.
             Demolished by an ogre
             ... wielding a +0 giant club
              (23 damage)
             ... on level 3 of the Dungeon.
             The game lasted 00:04:52 (2536 turns).

spaghetti the Magician (DsAE)                       Turns: 2536, Time: 00:04:52

Health: -14/27     AC:  3    Str:  8    XL:     4   Next: 71%
Magic:  1/10       EV: 12    Int: 18    God:    Hepliaklqana [**....]
Gold:   132        SH:  0    Dex: 14    Spells: 5/11 levels left

rFire   . . .      SeeInvis .   p - +1 demon blade (vamp) {long}
rCold   . . .      Faith    .   (no shield)
rNeg    . . .      Spirit   .   a - +0 robe
rPois   .          Reflect  .   i - +0 helmet
rElec   .          Harm     .   (no cloak)
rCorr   .          Rampage  .   (no gloves)
Will    .....                   (no boots)
Stlth   ++........              (no amulet)
HPRegen 0.09/turn               (no ring)
MPRegen 0.24/turn               (no ring)

@: sluggish, flying, very slow
A: reduced essence, magic regeneration
a: Renounce Religion, Recall Ancestor, Ancestor Identity


You were on level 3 of the Dungeon.
You worshipped Hepliaklqana.
Hepliaklqana was pleased with you.
You visited 1 branch of the dungeon, and saw 3 of its levels.

You collected 132 gold pieces.


Innate Abilities, Weirdness & Mutations

Your life essence is reduced to manifest your ancestor. (-10% HP)
You regenerate magic rapidly.


   Skills:
 + Level 1.1 Long Blades
 - Level 1.7 Dodging
 - Level 1.7 Stealth
 + Level 4.1 Spellcasting
 - Level 1.0 Conjurations
 - Level 3.0 Air Magic


You had 5 spell levels left.
You knew the following spells:

 Your Spells              Type           Power      Damage    Failure   Level
a - Shock                 Conj/Air       44%        1d5       6%          1
b - Static Discharge      Conj/Air       11%        N/A       10%         2
c - Swiftness             Air            14%        N/A       12%         3

Your spell library contained the following spells:

 Spells                   Type           Power      Damage    Failure   Level
 Ensorcelled Hibernation  Hex/Ice        6%         N/A       22%         2
 Airstrike                Air            7%         N/A       38%         4
 Spider Form              Tmut/Pois      3%         N/A       41%         3
 Anguish                  Hex/Necr       1%         N/A       82%         4

Inventory:

Hand Weapons
 d - a +0 dagger {short}
   (You took it off a kobold on level 1 of the Dungeon)
 f - a +2 dagger of draining {short}
   (You took it off a kobold on level 1 of the Dungeon)
 l - a +2 dagger of venom {short}
   (You took it off a kobold on level 2 of the Dungeon)
 n - a +2 spear of venom {polearm}
   (You took it off a hobgoblin on level 2 of the Dungeon)
 p - a +1 vampiric demon blade (weapon) {long}
   (You found it on level 3 of the Dungeon)
Missiles
 c - 103 stones {throwing}
 h - 2 boomerangs {throwing}
Armour
 a - a +0 robe (worn)
 i - a +0 helmet (worn)
   (You found it on level 1 of the Dungeon)
Potions
 b - a potion of magic
 g - a potion of mutation {unknown}
 j - a potion of might {unknown}
 k - 4 potions of curing {unknown}
 m - a potion of brilliance {unknown}

Dungeon Overview and Level Annotations

Branches:
Dungeon (3/15)

Altars:
Hepliaklqana

..###.... ...............###### .
.......####.##.##.#####.......#
.. ..............................
... ........#.##.##.#####.......#
.......... ..........# #..##'###
.#...#...####.##.....####........
...........................##.###
.......<.........O..#.###.....###
...............#@................
..................####.##..##.###
......†....................##.# #
...............#..####..#..##.# #
..........)....#..# #..#..##.#
...............#..####..#..##.###
.................................
..............#..#.####...##<.##
...............................


You could see an ogre.


Message History

You feel quick.
Kool Aid Man gestures at the ogre while chanting.
The stone arrow misses the ogre.
The ogre hits Kool Aid Man with a +0 giant club!!
Kool Aid Man is destroyed! 😎 MP[-3]
You lost 3 mp, and now have 4/10 mp. 😎 MP[+1] 😎 MP[+1]
Casting: Swiftness (quite dangerous; 12% risk of failure)
Confirm with . or Enter, or press ? or * to list all spells.
Aiming: Shock (safe; 6% risk of failure)
Press: ? - help, Shift-Dir - straight line, f/p - ogre
Aim: an ogre, wielding a +0 giant club (lightly wounded, 85% to hit)
The zap hits the ogre. 😎 MP[-1]
You lost 1 mp, and now have 5/10 mp.
Casting: Shock (safe; 6% risk of failure)
Confirm with . or Enter, or press ? or * to list all spells.
Aiming: Shock (safe; 6% risk of failure)
Press: ? - help, Shift-Dir - straight line, f/p - ogre
Aim: an ogre, wielding a +0 giant club (moderately wounded, 85% to hit)
The zap hits the ogre.
You start to feel a little slower.
Casting: Shock (safe; 6% risk of failure)
Confirm with . or Enter, or press ? or * to list all spells.
Aiming: Shock (safe; 6% risk of failure)
Press: ? - help, Shift-Dir - straight line, f/p - ogre
Aim: an ogre, wielding a +0 giant club (moderately wounded, 85% to hit)
The zap hits the ogre. 😎 MP[-1]
You lost 1 mp, and now have 4/10 mp. 😎 MP[+1]
You feel sluggish.
Casting: Shock (safe; 6% risk of failure)
Confirm with . or Enter, or press ? or * to list all spells.
Aiming: Shock (safe; 6% risk of failure)
Press: ? - help, Shift-Dir - straight line, f/p - ogre
Aim: an ogre, wielding a +0 giant club (moderately wounded, 85% to hit)
The zap hits the adder.
The zap misses the ogre. 😎 MP[-1]
You lost 1 mp, and now have 4/10 mp.
Casting: Shock (safe; 6% risk of failure)
Confirm with . or Enter, or press ? or * to list all spells.
Aiming: Shock (safe; 6% risk of failure)
Press: ? - help, Shift-Dir - straight line, f/p - ogre
Aim: an ogre, wielding a +0 giant club (moderately wounded, 85% to hit)
The zap misses the adder.
The zap hits the ogre.
The adder bites you but does no damage. 😎 MP[-1]
You lost 1 mp, and now have 3/10 mp.
Casting: Shock (safe; 6% risk of failure)
Confirm with . or Enter, or press ? or * to list all spells.
Aiming: Shock (safe; 6% risk of failure)
Press: ? - help, Shift-Dir - straight line, f/p - ogre
Aim: an ogre, wielding a +0 giant club (heavily wounded, 85% to hit)
The zap hits the adder.
The zap hits the ogre.
The adder closely misses you. The adder bites you. 😕 HP[-1]
You take 1 damage, and now have 26/27 hp.
You aren't carrying any items that you can evoke.
It was a potion of flight.
You feel very buoyant.
You fly up into the air.
The adder closely misses you.
Casting: Shock (safe; 6% risk of failure)
Confirm with . or Enter, or press ? or * to list all spells.
The adder is struck by an arc of lightning.
You kill the adder!
You are struck by an arc of lightning.
The lightning grounds out.
The ogre is struck by an arc of lightning.
The lightning grounds out.
The ogre misses you.
Your Long Blades skill increases to level 1! 😕 HP[-1] MP[-2]
You take 1 damage, and now have 25/27 hp.
You lost 2 mp, and now have 1/10 mp.
Casting: Static Discharge (safe; 10% risk of failure)
Confirm with . or Enter, or press ? or * to list all spells.
Aiming: Shock (safe; 6% risk of failure)
Press: ? - help, Shift-Dir - straight line, f/p - ogre
Aim: an ogre, wielding a +0 giant club (severely wounded, 85% to hit)
The zap hits the ogre.
The ogre hits you with a +0 giant club!!
Ouch! That really hurt!
* * * LOW HITPOINT WARNING * * *
😱 HP[-19] MP[-1]
You take 19 damage, and now have 6/27 hp.
MASSIVE DAMAGE!! (PAUSE)
You lost 1 mp, and now have 0/10 mp.
You aren't carrying any scrolls.
Okay, then.
You aren't carrying any items that you can evoke.
Okay, then.
You aren't carrying any scrolls.
Unknown command.
You barely miss the ogre. 😱 MP[+1]
You hit the ogre.
You feel better.
The ogre hits you with a +0 giant club!!
Ouch! That really hurt!
You die...

Skill      XL: |  1  2  3  4 |
---------------+-------------+-----
Air Magic      | 3 |  3.0
Spellcasting   | 3 4 |  4.1
Long Blades    | 1 |  1.1
Dodging        | |  1.7
Stealth        | |  1.7
Conjurations   | |  1.0

Action                   |  1- 3 |  4- 6 || total
-------------------------+-------+-------++-------
Melee: Dagger            |     5 |       ||     5
       Demon blade       |       |     3 ||     3
 Cast: Shock             |    99 |    30 ||   129
       Swiftness         |       |     1 ||     1
       Static Discharge  |       |     1 ||     1
Invok: Ancestor Life: Ba |     1 |       ||     1
       Ancestor Identity |     1 |       ||     1
  Use: Scroll            |       |     2 ||     2
       Potion            |       |     1 ||     1
Armor: Robe              |     3 |     1 ||     4
Dodge: Dodged            |    12 |     4 ||    16

Levels and vault maps discovered:
D:1:      dpeg_arrival_oval, layout_basic,
          dreamdust_ecumenical_altar_sealed_demon
D:2:      layout_basic
D:3:      layout_basic, minitemple, uniq_natasha

Notes
Turn   | Place    | Note
-------+----------+-------------------------------------------
     0 | D:1      | spaghetti the Demonspawn Air Elementalist began the quest
                  | for the Orb.
     0 | D:1      | Reached XP level 1. HP: 13/13 MP: 3/3
     0 | D:1      | magus.rc [v1.9.6]
   262 | D:1      | Gained mutation: You regenerate magic rapidly. [demonic
                  | ancestry]
   262 | D:1      | Reached XP level 2. HP: 10/19 MP: 0/5
   786 | D:1      | Reached skill level 3 in Air Magic
   990 | D:1      | Reached skill level 3 in Spellcasting
   990 | D:1      | Reached XP level 3. HP: 24/24 MP: 4/7
  1186 | D:1      | Found a faded altar of an unknown god.
  1186 | D:1      | Noticed an orange demon
  1266 | D:1      | Prayed at the altar of an unknown god.
  1266 | D:1      | Became a worshipper of Hepliaklqana the Forgotten
  1266 | D:1      | Reached * piety under Hepliaklqana
  1352 | D:2      | Learned a level 2 spell: Static Discharge
  1356 | D:2      | Learned a level 3 spell: Swiftness
  1964 | D:2      | You pick up a book of Dreams and begin reading...
  1964 | D:2      | You add the spells Ensorcelled Hibernation, Spider Form and
                  | Anguish to your library.
  1991 | D:2      | Reached ** piety under Hepliaklqana
  1992 | D:2      | Remembered your ancestor Kool Aid Man as a battlemage
  2194 | D:2      | Reached XP level 4. HP: 27/27 MP: 7/9
  2416 | D:3      | Noticed Natasha
  2419 | D:3      | Killed Natasha
  2420 | D:3      | Reached skill level 4 in Spellcasting
  2502 | D:3      | Noticed an ogre
  2534 | D:3      | Reached skill level 1 in Long Blades
  2534 | D:3      | HP: 6/27 [ogre/+0 giant club (20)]
  2536 | D:3      | Demolished by an ogre

Vanquished Creatures
  2 adders
  A worm (D:2)
  2 dart slugs (D:1)
  An orc (D:3)
  5 ball pythons
  4 endoplasms
  A giant cockroach (D:2)
  2 goblins (D:1)
  5 hobgoblins
  5 jackals (D:1)
  A quokka (D:1)
  6 bats
  2 frilled lizards
  8 kobolds
  3 rats
48 creatures vanquished.

Vanquished Creatures (collateral kills)
  Natasha (D:3)
  An adder (D:2)
  A worm (D:2)
  A bat (D:2)
  An endoplasm (D:3)
5 creatures vanquished.

Vanquished Creatures (others)
  A battlemage (D:3)
1 creature vanquished.

Grand Total: 54 creatures vanquished

Table legend:
 A = Non-vault XP
 B = Vault XP
 C = Vault XP percentage of total XP
 D = Non-vault monster count
 E = Vault monster count
 F = Vault count percentage of total count
                 A         B        C        D         E       F
            +---------+---------+-------+---------+---------+-------
      Total |     133 |      35 |  20.8 |      52 |       1 |   1.9
            +---------+---------+-------+---------+---------+-------
        D:1 |      47 |       0 |   0.0 |      25 |       0 |   0.0
        D:2 |      63 |       0 |   0.0 |      21 |       0 |   0.0
        D:3 |      23 |      35 |  60.3 |       6 |       1 |  14.3
            +---------+---------+-------+---------+---------+-------

Illustrated notes

Table legend:
 A = Kills in this place as a percentage of kills in entire the game.
 B = Kills by you in this place as a percentage of kills by you in the entire game.
 C = Kills by friends in this place as a percentage of kills by friends in the entire game.
 D = Other kills in this place as a percentage of other kills in the entire game.
 E = Experience gained in this place as a percentage of experience gained in the entire game.
 F = Experience gained in this place divided by the number of levels of this place that you have seen.
                   A       B       C       D       E      F
               +-------+-------+-------+-------+-------+----------------------
         Total | 100.0 | 100.0 | 100.0 |   N/A | 100.0 |  56.0
       Dungeon | 100.0 | 100.0 | 100.0 |   N/A | 100.0 |  56.0
               +-------+-------+-------+-------+-------+----------------------

Table legend: (Time is in decaauts)
 A = Elapsed time spent in this place.
 B = Non-inter-level travel time spent in this place.
 C = Inter-level travel time spent in this place.
 D = Time resting spent in this place.
 E = Time spent auto-exploring this place.
 F = Levels seen in this place.
 G = Mean time per level.
                   A        B        C        D        E       F      G
               +--------+--------+--------+--------+--------+-----+--------+
         Total |   2528 |   2438 |     90 |     81 |   2052 |   3 |  842.7 |
       Dungeon |   2528 |   2438 |     90 |     81 |   2052 |   3 |  842.7 |
               +--------+--------+--------+--------+--------+-----+--------+

Top non-repeatable levels by time:
     D:1: 1303 daAuts
     D:2: 1047 daAuts
     D:3: 178 daAuts
